 Dungeon Crawl Stone Soup version 0.29-a0-231-g945431f764 (webtiles) character file.

Game seed: 14671508066372953164

244 mopl the Sneak (level 6, -5/63 HPs)
             Began as an Octopode Brigand on Feb 27, 2022.
             Slain by an orc wizard
             ... wielding a +1 dagger of electrocution
              (20 damage)
             ... on level 4 of the Dungeon on Feb 28, 2022.
             The game lasted 00:06:26 (3434 turns).

mopl the Sneak (Octopode Brigand)                   Turns: 3434, Time: 00:06:27

Health: -5/63      AC: 23    Str: 10    XL:     6   Next: 10%
Magic:  6/6        EV:  2    Int: 15    God:
Gold:   145        SH:  0    Dex: 14    Spells: 5/5 levels left

rFire   . . .      SeeInvis .   a - +2 dagger (drain)
rCold   . . .      Faith    .   (no shield)
rNeg    . . .      Spirit   .   (helmet currently unavailable)
rPois   +          Reflect  .   (no amulet)
rElec   .          Harm     .   (no ring)
rCorr   .          Rampage  .   (no ring)
Will    .....      NoTele   +   (no ring)
Stlth   +++.......              (no ring)
HPRegen 0.20/turn               (no ring)
MPRegen 0.10/turn               (no ring)
                                (no ring)
                                (no ring)

@: tree-form
A: stationary, stasis, torment immunity, boosted hp, almost no armour,
(amphibious), 8 rings, (camouflage 1), (gelatinous body 1), (nimble swimmer 1),
(tentacles)
a: no special abilities


You were on level 4 of the Dungeon.
You were a tree.
You visited 1 branch of the dungeon, and saw 4 of its levels.

You collected 157 gold pieces.
You spent 12 gold pieces at shops.

Inventory:

Hand Weapons
 a - a +2 dagger of draining (weapon)
Missiles
 b - 8 poisoned darts (quivered)
 c - 2 curare-tipped darts
Armour
 n - a +0 hat (melded)
Magical Staves
 j - a staff of fire
Scrolls
 d - 4 scrolls of fog
 e - 4 scrolls of identify
 f - a scroll of immolation
 g - 3 scrolls of teleportation
 h - 3 scrolls of vulnerability {unknown}
 i - a scroll of torment {unknown}
 k - a scroll of enchant armour {unknown}
 l - a scroll of brand weapon {unknown}
 m - a scroll of magic mapping {unknown}
 o - a scroll of acquirement {unknown}
 r - a scroll of summoning {unknown}
 u - a scroll of silence {unknown}
 w - 2 scrolls of holy word
 x - a scroll of enchant weapon {unknown}
Potions
 p - 2 potions of curing
 q - a potion of lignification {!q}
 s - 2 potions of flight {unknown}
 t - a potion of haste {unknown}
 v - 2 potions of heal wounds {unknown}


   Skills:
 + Level 3.2 Fighting
 - Level 2.0(2.5) Short Blades
 + Level 2.3(2.7) Long Blades
 + Level 3.2 Throwing
 + Level 2.6 Dodging
 + Level 6.5 Stealth


You had 5 spell levels left.
You didn't know any spells.
Your spell library contained the following spells:

 Spells                   Type           Power      Damage    Failure   Level
 Magic Dart               Conj           0%         1d3       26%         1
 Shock                    Conj/Air       0%         1d3       26%         1
 Searing Ray              Conj           0%         2d4       38%         2
 Swiftness                Air            0%         N/A       63%         3
 Airstrike                Air            0%         N/A       95%         4
 Fulminant Prism          Conj/Hex       0%         3d6       95%         4


Dungeon Overview and Level Annotations

Branches:
Dungeon (4/15)
 Temple: D:4-7

Altars:

Shops:
D:1 ?

Annotations:
D:3 dig


Innate Abilities, Weirdness & Mutations

You are a tree.
Your roots penetrate the ground, keeping you stationary.
You cannot be teleported.
You are immune to unholy pain and torment.
Your maximum health is greatly increased.
You cannot wear most types of armour.
((You are amphibious.))
You can wear up to eight rings at the same time.
((Your skin changes colour to match your surroundings (Stealth+).))
((Your rubbery body absorbs attacks. (AC +1, EV +1)))
((You are camouflaged when in or above water. (Stealth+)))
((You have tentacles for arms and can constrict up to eight enemies at once.))


Message History

* * * LOW HITPOINT WARNING * * *
Unknown command.
Unknown command.
Unknown command.
Unknown command.
Unknown command.
You feel better.
You constrict the orc wizard. Something hits you.
* * * LOW HITPOINT WARNING * * *
The orc wizard barely misses you.
It was a potion of lignification.
You turn into a tree.
Your +0 hat melds into your body.
Your roots penetrate the ground.
You lose your grip on the orc wizard.
Something hits you but does no damage.
The orc wizard points at you and mumbles some strange words.
The magic dart hits you.
* * * LOW HITPOINT WARNING * * *
You hit the orc wizard.
The orc wizard is almost dead.
Something hits you but does no damage.
The orc wizard hits you but does no damage.
Unknown command.
Unknown command.
Unknown command.
Unknown command.
Unknown command.
Unknown command.
Unknown command.
Unknown command.
You hit the orc wizard.
You kill the orc wizard!
Something hits you.
* * * LOW HITPOINT WARNING * * *
You have reached level 6!
Unknown command.
Unknown command.
You cannot move.
You closely miss something. Something hits you but does no damage.
You closely miss something. You closely miss something.
Something hits you but does no damage.
You are electrocuted!!
You die...

.########.##...# ###....#### .#
##.##...## #.##.....
.#######........# #.#######
................# #.# #
#...............#########.###
#...............##..........##
#...............#............##
#...)...########..............###
#.......# #♣{...............
#.......# #.)............###
#.......# #..............#
#.......# #..............#
######### ##............##
##..........## ############


There were no monsters in sight!

Vanquished Creatures
  5 orc wizards
  4 adders
  3 worms
  3 dart slugs
  4 orcs (D:3)
  5 ball pythons
  8 endoplasms
  A giant cockroach (D:4)
  8 goblins
  6 hobgoblins
  3 jackals (D:4)
  2 quokkas
  4 bats
  2 frilled lizards
  5 kobolds
  4 rats
67 creatures vanquished.

Notes
Turn   | Place    | Note
-------+----------+-------------------------------------------
     0 | D:1      | mopl the Octopode Brigand began the quest for the Orb.
     0 | D:1      | Reached XP level 1. HP: 14/14 MP: 1/1
    59 | D:1      | Upgraded the game from 0.29-a0-222-g5b244fca1f to
                  | 0.29-a0-231-g945431f764
   224 | D:1      | Reached XP level 2. HP: 13/19 MP: 2/2
   392 | D:1      | Found Foimyese's Magic Scroll Shoppe.
   410 | D:1      | Bought a scroll of noise for 12 gold pieces
   671 | D:2      | Found a faded altar of an unknown god.
   804 | D:2      | Reached skill level 1 in Long Blades
   804 | D:2      | Reached XP level 3. HP: 14/25 MP: 3/3
  1313 | D:2      | Identified the +13 chain mail "Piroug Yter" {rElec rCorr
                  | Int+2}
  1428 | D:2      | Reached XP level 4. HP: 30/30 MP: 4/4
  2100 | D:3      | Reached skill level 6 in Stealth
  2439 | D:3      | Reached skill level 2 in Dodging
  2445 | D:3      | Reached XP level 5. HP: 23/36 MP: 5/5
  3090 | D:4      | Reached skill level 3 in Fighting
  3090 | D:4      | Reached skill level 2 in Long Blades
  3142 | D:4      | Reached skill level 3 in Throwing
  3432 | D:4      | Reached XP level 6. HP: 15/42 MP: 6/6
  3434 | D:4      | Slain by an orc wizard

Illustrated notes

Levels and vault maps discovered:
D:1:      dpeg_arrival_erosion, layout_basic, serial_shops,
          nicolae_shop_advertising_works [nicolae_subvault_shop_adworks]
D:2:      layout_rooms, serial_curves, eino_curves_01, eino_curves_03,
          eino_curves_04, nicolae_ecumenical_oubliette,
          chequers_serial_rivers_small_3, minmay_ruptured
D:3:      layout_basic, lightli_corner_chamber
D:4:      layout_rooms, minmay_a_box_with_orc_wizards_in_it

Skill      XL: |  1  2  3  4  5 |
---------------+----------------+-----
Long Blades    | 1 2 |  2.3
Stealth        | 6 |  6.5
Dodging        | 2 |  2.6
Fighting       | 3 |  3.2
Throwing       | 3 |  3.2
Short Blades   | |  2.0

Action                   |  1- 3 |  4- 6 || total
-------------------------+-------+-------++-------
Melee: Dagger            |    52 |    83 ||   135
       Constrict         |    10 |    17 ||    27
       Tentacles         |    10 |    18 ||    28
  Use: Scroll            |       |     4 ||     4
       Potion            |       |     3 ||     3
 Stab: Sleeping          |     6 |     8 ||    14
       Distracted        |     1 |     1 ||     2
Armor: Skin              |     3 |     6 ||     9
Dodge: Dodged            |    14 |    37 ||    51

Table legend: (Time is in decaauts)
 A = Elapsed time spent in this place.
 B = Non-inter-level travel time spent in this place.
 C = Inter-level travel time spent in this place.
 D = Time resting spent in this place.
 E = Time spent auto-exploring this place.
 F = Levels seen in this place.
 G = Mean time per level.
                   A        B        C        D        E       F      G
               +--------+--------+--------+--------+--------+-----+--------+
         Total |   3420 |   3371 |     49 |   1155 |   1726 |   4 |  855.0 |
       Dungeon |   3420 |   3371 |     49 |   1155 |   1726 |   4 |  855.0 |
               +--------+--------+--------+--------+--------+-----+--------+

Top non-repeatable levels by time:
     D:2: 1033 daAuts
     D:3: 966 daAuts
     D:4: 731 daAuts
     D:1: 688 daAuts
